 Dungeon Crawl Stone Soup version 0.30-a0-883-g5ad918d77d (webtiles) character file.

Game seed: 6066486070860701606

17 Pimp the Firebug (level 2, -2/17 HPs)
             Began as an Octopode Fire Elementalist on Mar 17, 2023.
             Slain by a hobgoblin (5 damage)
             ... on level 1 of the Dungeon.
             The game lasted 00:00:49 (561 turns).

Pimp the Firebug (Octopode Fire Elementalist)        Turns: 561, Time: 00:00:49

Health: -2/17      AC:  1    Str:  7    XL:     2   Next: 62%
Magic:  5/5        EV: 13    Int: 17    God:
Gold:   16         SH:  0    Dex: 12    Spells: 4/5 levels left

rFire   . . .      SeeInvis .    (no weapon)
rCold   . . .      Faith    .    (no shield)
rNeg    . . .      Spirit   .    (helmet restricted)
rPois   .          Reflect  .    (no amulet)
rElec   .          Rampage  .    (no ring)
rCorr   .                        (no ring)
Will    .....                    (no ring)
Stlth   +++                      (no ring)
HPRegen 0.22/turn                (no ring)
MPRegen 0.09/turn                (no ring)
                                 (no ring)
                                 (no ring)

@: no status effects
A: almost no armour, amphibious, 8 rings, camouflage 1, gelatinous body 1,
(nimble swimmer 1), tentacles
a: no special abilities


You were on level 1 of the Dungeon.
You visited 1 branch of the dungeon, and saw 1 of its levels.

You collected 16 gold pieces.

Inventory:

Missiles
 c - 5 poisoned darts
Armour
 e - a scarf of repulsion
Scrolls
 b - a scroll of blinking {unknown}
Potions
 a - 2 potions of magic
 d - a potion of haste {unknown}


   Skills:
 + Level 2.2 Dodging
 + Level 3.1 Stealth
 + Level 2.2 Spellcasting
 + Level 1.4 Conjurations
 + Level 3.1 Fire Magic


You had 4 spell levels left.
You knew the following spells:

 Your Spells              Type           Power      Damage    Failure   Level
a - Foxfire               Conj/Fire      36%        2x1d5     8%          1

Your spell library contained the following spells:

 Spells                   Type           Power      Damage    Failure   Level
 Scorch                   Fire           24%        2d6       8%          2
 Freeze                   Ice            4%         1d3       19%         1
 Inner Flame              Hex/Fire       7%         N/A       30%         3
 Kindle Blastsparks       Fire/Tloc/Air  10%        2d10      36%         3
 Hailstorm                Conj/Ice       4%         3d4       38%         3
 Frozen Ramparts          Ice            2%         1d1       50%         3
 Flame Wave               Conj/Fire      9%         2d6       58%         4


Dungeon Overview and Level Annotations

Branches:
Dungeon (1/15)

Altars:


Innate Abilities, Weirdness & Mutations

You cannot wear most types of armour.
You are amphibious.
You can wear up to eight rings at the same time.
Your skin changes colour to match your surroundings (Stealth+).
Your rubbery body absorbs attacks. (AC +1, EV +1)
((You are camouflaged when in or above water. (Stealth+)))
You have tentacles for arms and can constrict up to eight enemies at once.


Message History

There is an open door here.
There is an open door here.
Things that are here:
a +0 dagger; 3 stones; a kobold corpse You see here a scarf of repulsion.
e - a scarf of repulsion An endoplasm comes into view.
An endoplasm is nearby!
The endoplasm quivers.
You tentacle-slap the endoplasm.
The endoplasm is lightly wounded.
The endoplasm closely misses you.
You tentacle-slap the endoplasm but do no damage.
You squeeze the endoplasm.
You kill the endoplasm!
A hobgoblin comes into view.
A hobgoblin is nearby!
A hobgoblin and a rat come into view.
The hobgoblin shouts! x2
The hobgoblin hits you.
You tentacle-slap the hobgoblin but do no damage.
Your grab misses the hobgoblin.
The hobgoblin hits you but does no damage.
You closely miss the hobgoblin. You grab the hobgoblin.
You tentacle-slap the hobgoblin.
The hobgoblin is moderately wounded.
You constrict the hobgoblin. The hobgoblin closely misses you.
The hobgoblin misses you.
You barely miss the hobgoblin. Your grab misses the hobgoblin.
You constrict the hobgoblin, but do no damage.
The hobgoblin hits you. The hobgoblin barely misses you.
You barely miss the hobgoblin. You grab the hobgoblin.
You constrict the hobgoblin, but do no damage.
You constrict the hobgoblin. The hobgoblin hits you. x2
* * * LOW HITPOINT WARNING * * *
You tentacle-slap the hobgoblin.
The hobgoblin is heavily wounded.
You constrict the hobgoblin. x2; The hobgoblin misses you.
The hobgoblin hits you.
You die...

#.# ###..###
......## ......
....# ...# #gg#
#.#####@.# #+#
#..r.....# #.#
#######.## #.# #.#
##.#### #.#
##...#.#######.#
.#
#..............#
...
.###...#.#########
..## .........#
.....#


You could see 2 hobgoblins and a rat.

Vanquished Creatures
  4 ball pythons (D:1)
  A bat (D:1)
  An endoplasm (D:1)
  3 giant cockroaches (D:1)
  A goblin (D:1)
  3 hobgoblins (D:1)
  A kobold (D:1)
14 creatures vanquished.

Notes
Turn   | Place    | Note
-------+----------+-------------------------------------------
     0 | D:1      | Pimp the Octopode Fire Elementalist began the quest for the
                  | Orb.
     0 | D:1      | Reached XP level 1. HP: 11/11 MP: 3/3
    88 | D:1      | Found a faded altar of an unknown god.
   130 | D:1      | Reached XP level 2. HP: 12/17 MP: 5/5
   561 | D:1      | Slain by a hobgoblin

Illustrated notes

Levels and vault maps discovered:
D:1:      dpeg_arrival_orchard, layout_loops_corners,
          shapermc_ecumenical_altar_mp_highgroup,
          chequers_serial_rivers_small_3, nrook_campfire, minmay_lizard_king

Skill      XL: |  1  2 |
---------------+-------+-----
Stealth        | 3 |  3.1
Dodging        | |  2.2
Spellcasting   | |  2.2
Conjurations   | |  1.4
Fire Magic     | |  3.1

Action                     || total
---------------------------++-------
  Melee: Unarmed           ||    51
         Constrict         ||    16
         Tentacles         ||    10
         Punch             ||     1
   Stab: Sleeping          ||     5
 Armour: Skin              ||     6
  Dodge: Dodged            ||    37

Table legend: (Time is in decaauts)
 A = Elapsed time spent in this place.
 B = Non-inter-level travel time spent in this place.
 C = Inter-level travel time spent in this place.
 D = Time resting spent in this place.
 E = Time spent auto-exploring this place.
 F = Levels seen in this place.
 G = Mean time per level.
                   A        B        C        D        E       F      G
               +--------+--------+--------+--------+--------+-----+--------+
         Total |    561 |    527 |     34 |     20 |    365 |   1 |  561.0 |
       Dungeon |    561 |    527 |     34 |     20 |    365 |   1 |  561.0 |
               +--------+--------+--------+--------+--------+-----+--------+

Top non-repeatable levels by time:
     D:1: 561 daAuts
